 Dungeon Crawl Stone Soup version 0.22.1-1-ga44c0e56f4 (webtiles) character file.

63 rebmob the Firebug (level 3, 0/19 HPs)
             Began as a Deep Elf Fire Elementalist on Oct 2, 2018.
             Killed from afar by Natasha (10 damage)
             ... with a magic dart
             ... on level 3 of the Dungeon.
             The game lasted 00:10:09 (2707 turns).

rebmob the Firebug (Deep Elf Fire Elementalist)     Turns: 2707, Time: 00:10:09

Health: 0/19       AC:  3    Str:  5    XL:     3   Next: 87%
Magic:  7/10       EV: 13    Int: 20    God:
Gold:   90         SH:  0    Dex: 15    Spells: 8/9 levels left

rFire    . . .     SeeInvis +   k - +3 whip
rCold    . . .     Gourm    .   (no shield)
rNeg     . . .     Faith    .   a - +0 robe
rPois    .         Spirit   .   (no helmet)
rElec    .         Reflect  .   (no cloak)
rCorr    .         Harm     .   h - +0 pair of gloves
MR       .....                  (no boots)
Stlth    ++........             (no amulet)
HPRegen  0.06/turn              n - ring of see invisible
MPRegen  0.12/turn              (no ring)

@: no status effects
A: no striking features
a: no special abilities


You were on level 3 of the Dungeon.
You were not hungry.

You visited 1 branch of the dungeon, and saw 4 of its levels.

You collected 90 gold pieces.

Inventory:

Hand Weapons
 i - a +0 dagger
 k - a +3 whip (weapon)
Armour
 a - a +0 robe (worn)
 h - a +0 pair of gloves (worn)
Jewellery
 n - a ring of see invisible (left hand)
Scrolls
 e - 7 scrolls of identify {unknown}
 g - a scroll of immolation {unknown}
 j - 2 scrolls of random uselessness {unknown}
 m - a scroll of blinking {unknown}
 p - a scroll of fog {unknown}
Potions
 b - a potion of might {unknown}
 d - 2 potions of resistance {unknown}
 f - 2 potions of invisibility {unknown}
 l - 2 potions of ambrosia {unknown}
 o - a potion of degeneration {unknown}
 q - a potion of curing {unknown}
Comestibles
 c - 6 rations


   Skills:
 + Level 3.1 Dodging
 - Level 2.4 Stealth
 + Level 3.6 Spellcasting
 * Level 2.5 Conjurations
 * Level 4.0 Fire Magic


You had 8 spell levels left.
You knew the following spells:

 Your Spells              Type           Power        Failure   Level  Hunger
a - Flame Tongue          Conj/Fire      ###..        3%          1    None

Your spell library contained the following spells:

 Spells                   Type           Power        Failure   Level  Hunger
 Throw Flame              Conj/Fire      ###...       5%          2    ##.....
 Conjure Flame            Conj/Fire      ###.....     11%         3    ###....
 Inner Flame              Hex/Fire       ##......     17%         3    ###....
 Sticky Flame             Conj/Fire      ###.....     34%         4    ####...
 Fireball                 Conj/Fire      ###.......   67%         5    ######.


Dungeon Overview and Level Annotations

Branches:
Dungeon (4/15)
 Temple: D:4-7

Altars:

Annotations:
D:3 Jessica, Natasha


Message History

Aim: Natasha The flame tongue hits Natasha.
Natasha is moderately wounded.
Casting: Flame Tongue (safe; 3% risk of failure)
Confirm with . or Enter, or press ? or * to list all spells.
Aiming: Flame Tongue (safe; 3% risk of failure)
Press: ? - help, Shift-Dir - straight line, f/p - Natasha
Aim: Natasha (moderately wounded)
The flame tongue misses Natasha.
Natasha barely misses you.
Casting: Flame Tongue (safe; 3% risk of failure)
Confirm with . or Enter, or press ? or * to list all spells.
Aiming: Flame Tongue (safe; 3% risk of failure)
Press: ? - help, Shift-Dir - straight line, f/p - Natasha
Aim: Natasha (moderately wounded)
The flame tongue hits Natasha.
Natasha is almost dead.
Natasha stares at you and mumbles some strange words.
The magic dart hits you!
Ouch! That really hurt!
You die...

.#####.####......#
............>....+
#.###............#
#..##............#######
.......................#
##.####.....####.#####.#
##.## #.....# #.# #.# ....#
#####.# #(# #.# ##..# #.#
#@# #.######
##.#######.####h# #......#
#.#........h...# ######.#
#...#####.###### #.# #...#
#.# ### #.# #...# #.# #..
#.# #...#####+###.########
#.#
#+#'##........#......#.##.#
............#.####.#.##.#


You could see Natasha.

Vanquished Creatures
  2 adders
  2 dart slugs (D:1)
  2 leopard geckos
  4 giant cockroaches
  6 goblins
  5 hobgoblins
  5 kobolds
  A ball python (D:1)
  5 bats
  3 frilled lizards
  3 rats
38 creatures vanquished.

Notes
Turn   | Place    | Note
-------+----------+-------------------------------------------
     0 | D:1      | rebmob the Deep Elf Fire Elementalist began the quest for
                  | the Orb.
     0 | D:1      | Reached XP level 1. HP: 10/10 MP: 6/6
   311 | D:1      | Reached XP level 2. HP: 15/15 MP: 8/8
  1274 | D:1      | Reached XP level 3. HP: 19/19 MP: 7/9
  2553 | D:3      | Noticed Jessica
  2558 | D:3      | Noticed Natasha
  2605 | D:3      | Reached skill level 4 in Fire Magic
  2707 | D:3      | Killed from afar by Natasha

Skill      XL: |  1  2  3 |
---------------+----------+-----
Conjurations   | 2 |  2.5
Dodging        | 3 |  3.1
Fire Magic     | 4 |  4.0
Stealth        | |  2.4
Spellcasting   | |  3.6

Action                   || total
-------------------------++-------
Melee: Whip              ||    16
 Cast: Flame Tongue      ||    50
 Stab: Sleeping          ||     6
  Eat: Chunk             ||     2
       Ration            ||     1
Armor: Robe              ||     2
Dodge: Dodged            ||    21
